 Dungeon Sprint DCSS version 0.18.1-47-g9310371 (webtiles) character file.

30620 rftp080 the Impregnable (level 13, -7/97 HPs)
             Began as a Gargoyle Gladiator on June 20, 2016.
             Was the Champion of Makhleb.
             Mangled by a wolf spider (16 damage)
             ... in the Dungeon (Sprint IX: "|||||||||||||||||||||||||||||").
             The game lasted 00:11:37 (2312 turns).

rftp080 the Impregnable (Gargoyle Gladiator)        Turns: 2312, Time: 00:11:38

Health: -7/97      AC: 39    Str: 21    XL:     13   Next: 52%
Magic:  0/13       EV:  5    Int:  8    God:    Makhleb [******]
Gold:   1065       SH:  0    Dex: 14    Spells: 0 memorised, 12 levels left

rFire  . . .     SeeInvis .     I - +5 lajatang
rCold  . . .     Gourm    .     D - +0 chain mail
rNeg   + . .     Faith    .     (shield currently unavailable)
rPois  ∞         Spirit   .     c - +2 helmet
rElec  +         Dismiss  .     E - +2 cloak {rPois}
rCorr  .         Reflect  .     r - +0 pair of gloves
SustAt .         Harm     .     B - +0 pair of boots
MR     .....     NoTele   +     (no amulet)
Stlth  ..........               (no ring)
                                (no ring)

@: held, not resistant to hostile enchantments, extremely unstealthy
A: negative energy resistance 1, electricity resistance, unbreathing,
petrification resistance, rot immunity, AC +9
a: Minor Destruction, Lesser Servant of Makhleb, Major Destruction, Greater
Servant of Makhleb, Renounce Religion


You were in the Dungeon.
You worshipped Makhleb.
Makhleb was exalted by your worship.
You were not hungry.

You visited 1 branch You collected 1900 gold pieces.
You spent 835 gold pieces at shops.

Inventory:

Hand Weapons
 a - a +0 quarterstaff
 p - a +2 dire flail of protection
 q - a +0 lajatang
 H - a +1 antimagic demon whip
 I - a +5 lajatang (weapon)
 J - a +3 quarterstaff of draining
Missiles
 d - 2 throwing nets (quivered)
Armour
 b - a +0 leather armour
 c - a +2 helmet (worn)
 r - a +0 pair of gloves (worn)
 s - a +0 helmet
 t - a +2 ring mail
 B - a +0 pair of boots (worn)
 C - a +0 cloak
 D - a +0 chain mail (worn)
 E - a +2 cloak of poison resistance (worn)
 K - the +3 warlock's mirror {reflect}
   (You found it in the Dungeon)
Jewellery
 u - a +3 ring of strength
 F - an uncursed ring of protection from cold
 G - an uncursed ring of protection from magic
Wands
 n - a wand of iceblast (0/15)
Scrolls
 j - 6 scrolls of remove curse
 m - 2 scrolls of amnesia
 x - a scroll of identify
 y - a scroll of recharging
Potions
 i - 4 potions of magic
 l - a potion of might
 L - a potion of cure mutation
 M - 2 potions of curing
Miscellaneous
 o - a sack of spiders
Comestibles
 f - 13 bread rations
 g - 9 chunks of flesh
 w - 43 fruits
 A - 12 meat rations


   Skills:
 + Level 18.3 Fighting
 - Level 14.6 Staves
 - Level 1.7 Throwing
 + Level 26.1 Armour
 - Level 2.4 Dodging


You had 12 spell levels left.
You didn't know any spells.

Dungeon Overview and Level Annotations

Branches:
Dungeon (1/1)

Altars:
Cheibriados
Dithmenos
Elyvilon
Fedhas
Gozag
Kikubaaqudgha
Makhleb
Nemelex Xobeh
Okawaru
Pakellas
Qazlal
Ru
Sif Muna
Trog
Vehumet
Xom
Yredelemnul
Zin
The Shining One
Beogh
Jiyva
Lugonu

Shops:
D **[[

Annotations:
D Maurice


Innate Abilities, Weirdness & Mutations

You are resistant to torment.
Your stone body is resilient (AC +9).
You are immune to poison.
You resist negative energy.
You are resistant to electric shocks.
You can survive without breathing.
You are immune to petrification.
You are immune to rotting.


Message History

The jumping spider barely misses you.
The jumping spider bites you but does no damage.
The wolf spider barely misses you. The wolf spider bites you.
* * * LOW HITPOINT WARNING * * *
You barely miss the wolf spider.
The wolf spider is almost dead.
The wolf spider hits you.
* * * LOW HITPOINT WARNING * * *
The wolf spider barely misses you. The jumping spider pounces on you!
* * * LOW HITPOINT WARNING * * *
You are caught in a web!
The jumping spider barely misses you.
You feel you are being watched by something.
Read which item? (? for menu, Esc to quit)
Okay, then.
Drink which item? (? for menu, Esc to quit)
Okay, then.
You struggle to detach yourself from the web.
The wolf spider hits you but does no damage.
The wolf spider bites you!
You die...

▓.▓.▓.▓∩▓.▓.▓.▓.
▓.▓.▓.▓.▓)▓.▓.▓.▓.
▓.▓.▓.▓.▓∩▓.▓(▓.▓†
▓.▓.▓.▓.▓.▓.▓.▓.▓'
▓s▓.▓)▓.▓∩▓.▓.▓.▓.
▓y▓.▓(▓.▓.▓.▓.▓.▓.
▓{▓.▓)▓.▓∩▓.▓.▓.▓.
▓s▓.▓)▓.▓.▓.▓.▓.▓.
▓@▓.▓(▓.▓.▓.▓†▓.▓.
▓s▓.▓†▓.▓.▓.▓†▓.▓)
▓s▓.▓'▓.▓)▓.▓.▓.▓.
▓)▓.▓.▓.▓.▓.▓'▓.▓.
▓.▓.▓(▓.▓)▓.▓.▓.▓.
▓)▓.▓.▓.▓.▓.▓.▓.▓'
▓)▓.▓.▓.▓.▓.▓.▓.▓_
▓)▓.▓.▓.▓.▓.▓.▓.▓_
▓.▓.▓.▓.▓.▓.▓.▓.▓_


You could see a wolf spider (berserk), a moth of wrath, 2 jumping spiders and a
redback.

Vanquished Creatures
  A thorn hunter (D)
  A stone giant (D)
  A very ugly thing (D)
  2 ettins (D)
  A merfolk impaler (D)
  A hydra (D)
  A ghost crab (D)
  3 centaur warriors (D)
  Erolcha (D)
  An anaconda (D)
  A death knight (D)
  An alligator snapping turtle (D)
  An alligator (D)
  3 orc high priests (D)
  2 naga sharpshooters (D)
  A flayed ghost (D)
  A mana viper (D)
  4 orc knights (D)
  4 orc sorcerers (D)
  2 ugly things (D)
  A griffon (D)
  A salamander (D)
  A manticore (D)
  A siren (D)
  2 naga magi (D)
  An elephant (D)
  A black mamba (D)
  2 spiny frogs (D)
  A komodo dragon (D)
  2 demonic crawlers (D)
  A tengu conjurer (D)
  3 merfolk (D)
  2 trolls (D)
  4 polar bears (D)
  3 slime creatures (D)
  A bog body (D)
  A blink frog (D)
  A spriggan (D)
  A tarantella (D)
  A water elemental (D)
  2 wyverns (D)
  A steam dragon (D)
  A hungry ghost (D)
  A hippogriff (D)
  A naga (D)
  2 porcupines (D)
  8 orc warriors (D)
  2 wasps (D)
  4 black bears (D)
  An ogre (D)
  2 centaurs (D)
  2 crocodiles (D)
  5 giant frogs (D)
  A quasit (D)
  A hound (D)
  An orc priest (D)
  2 iguanas (D)
  4 orc wizards (D)
  2 adders (D)
  An adder skeleton (D)
  15 orcs (D)
  A bat skeleton (D)
  2 bat zombies (D)
  A hobgoblin (D)
  A kobold (D)
  A bat (D)
  2 rats (D)
131 creatures vanquished.

Vanquished Creatures (others)
  A hydra (D)
  A wasp (D)
  2 briar patches (D)
4 creatures vanquished.

Grand Total: 135 creatures vanquished

Notes
Turn   | Place    | Note
--------------------------------------------------------------
     0 | D        | rftp080 the Gargoyle Gladiator began the quest for the Orb.
     0 | D        | Reached XP level 1. HP: 12/12 MP: 1/1
    99 | D        | Noticed a centaur
    99 | D        | Noticed an ogre
    99 | D        | Noticed a hound
   108 | D        | Killed a hound
   108 | D        | Reached XP level 2. HP: 15/17 MP: 2/2
   108 | D        | Reached XP level 3. HP: 19/21 MP: 3/3
   112 | D        | Killed an ogre
   112 | D        | Reached skill level 10 in Staves
   112 | D        | Reached XP level 4. HP: 24/26 MP: 4/4
   112 | D        | Reached XP level 5. HP: 28/30 MP: 5/5
   115 | D        | Killed a centaur
   123 | D        | Found a glowing silver altar of Zin.
   123 | D        | Found a glowing golden altar of the Shining One.
   123 | D        | Found an ancient bone altar of Kikubaaqudgha.
   123 | D        | Found a basalt altar of Yredelemnul.
   123 | D        | Found a shimmering altar of Xom.
   123 | D        | Found a radiant altar of Vehumet.
   124 | D        | Found an iron altar of Okawaru.
   125 | D        | Found a burning altar of Makhleb.
   126 | D        | Found a deep blue altar of Sif Muna.
   127 | D        | Found a bloodstained altar of Trog.
   128 | D        | Found a sparkling altar of Nemelex Xobeh.
   129 | D        | Found a white marble altar of Elyvilon.
   130 | D        | Found a roughly hewn altar of Beogh.
   131 | D        | Found a viscous altar of Jiyva.
   132 | D        | Found a corrupted altar of Lugonu.
   133 | D        | Became a worshipper of Makhleb the Destroyer
   134 | D        | Found a blossoming altar of Fedhas.
   135 | D        | Found a snail-covered altar of Cheibriados.
   136 | D        | Found a shadowy altar of Dithmenos.
   137 | D        | Found a stormy altar of Qazlal.
   138 | D        | Found an opulent altar of Gozag.
   139 | D        | Found a sacrificial altar of Ru.
   140 | D        | Found an oddly glowing altar of Pakellas.
   184 | D        | Noticed a wyvern
   184 | D        | Noticed a hungry ghost
   184 | D        | Noticed a troll
   197 | D        | Killed a troll
   197 | D        | Reached skill level 6 in Armour
   197 | D        | Reached XP level 6. HP: 20/35 MP: 6/6
   203 | D        | Reached * piety under Makhleb
   203 | D        | Reached XP level 7. HP: 24/40 MP: 7/7
   221 | D        | Killed a hungry ghost
   221 | D        | Reached skill level 7 in Armour
   238 | D        | Killed a wyvern
   238 | D        | Reached ** piety under Makhleb
   238 | D        | Reached skill level 8 in Armour
   240 | D        | Reached skill level 9 in Armour
   250 | D        | Noticed a troll
   250 | D        | Noticed a centaur warrior
   250 | D        | Noticed a slime creature
   250 | D        | Noticed a brown ugly thing
   269 | D        | Killed a cyan ugly thing
   269 | D        | Reached skill level 10 in Armour
   269 | D        | Reached XP level 8. HP: 44/44 MP: 8/8
   279 | D        | Killed a slime creature
   279 | D        | Reached *** piety under Makhleb
   279 | D        | Reached skill level 11 in Armour
   299 | D        | Killed a centaur warrior
   299 | D        | Reached skill level 14 in Armour
   299 | D        | Reached XP level 9. HP: 24/48 MP: 9/9
   313 | D        | Killed a troll
   320 | D        | Reached **** piety under Makhleb
   320 | D        | Reached skill level 15 in Armour
   443 | D        | Noticed a spiny frog
   453 | D        | Reached ***** piety under Makhleb
   462 | D        | Reached skill level 16 in Armour
   472 | D        | Killed a spiny frog
   483 | D        | Reached skill level 17 in Armour
   488 | D        | Reached XP level 10. HP: 40/53 MP: 10/10
   497 | D        | Noticed an elephant
   497 | D        | Noticed a spiny frog
   501 | D        | Noticed a seven-headed hydra
   506 | D        | Reached ****** piety under Makhleb
   523 | D        | Killed a spiny frog
   523 | D        | Reached skill level 18 in Armour
   531 | D        | Killed an elephant
   539 | D        | Killed an eight-headed hydra
   539 | D        | Reached skill level 19 in Armour
   575 | D        | Reached skill level 20 in Armour
   659 | D        | Noticed Maurice
   818 | D        | Noticed an orc knight
   829 | D        | Reached XP level 11. HP: 57/57 MP: 11/11
   851 | D        | Killed an orc knight
   851 | D        | Reached skill level 21 in Armour
   931 | D        | Noticed an orc knight
   964 | D        | Noticed an orc high priest
   970 | D        | Killed an orc knight
   970 | D        | Reached skill level 5 in Fighting
   993 | D        | Noticed a sixfirhy
   998 | D        | Noticed a sixfirhy
  1033 | D        | Killed an orc high priest
  1078 | D        | Found Giuvu's Antique Armour Boutique.
  1078 | D        | Noticed an orc high priest
  1080 | D        | Noticed an orc sorcerer
  1085 | D        | Found Anwopna's Armour Shop.
  1085 | D        | Noticed an orc sorcerer
  1102 | D        | Killed an orc high priest
  1102 | D        | Reached skill level 22 in Armour
  1113 | D        | Paralysed by an orc sorcerer for 3 turns
  1115 | D        | Noticed a sun demon
  1176 | D        | Killed an orc sorcerer
  1219 | D        | Paralysed by an orc sorcerer for 2 turns
  1222 | D        | Noticed a sixfirhy
  1224 | D        | Killed an orc sorcerer
  1246 | D        | Noticed an orc sorcerer
  1264 | D        | Paralysed by an orc sorcerer for 7 turns
  1275 | D        | Killed an orc sorcerer
  1282 | D        | Found Mocluut's Assorted Antiques.
  1286 | D        | Found Iruelosmil's General Store.
  1288 | D        | Noticed an orc sorcerer
  1314 | D        | Killed an orc sorcerer
  1470 | D        | Noticed an orc high priest
  1471 | D        | Noticed an orc knight
  1489 | D        | Killed an orc high priest
  1489 | D        | Reached skill level 10 in Fighting
  1516 | D        | Killed an orc knight
  1557 | D        | Noticed Erolcha
  1576 | D        | Killed Erolcha
  1598 | D        | Bought a potion of heal wounds for 60 gold pieces
  1598 | D        | Bought a scroll of enchant armour for 90 gold pieces
  1598 | D        | Bought a sack of spiders for 240 gold pieces
  1600 | D        | Bought a scroll of blinking for 135 gold pieces
  1604 | D        | Bought a chain mail for 121 gold pieces
  1606 | D        | Bought a +1 cloak of poison resistance for 189 gold pieces
  1779 | D        | Noticed a centaur warrior
  1779 | D        | Noticed a death knight
  1779 | D        | Noticed an orc knight
  1779 | D        | Noticed a manticore
  1783 | D        | Noticed a centaur warrior
  1793 | D        | Killed a manticore
  1793 | D        | Reached skill level 23 in Armour
  1793 | D        | Reached XP level 12. HP: 80/80 MP: 12/12
  1807 | D        | Noticed a stone giant
  1812 | D        | Killed a death knight
  1819 | D        | Killed a centaur warrior
  1820 | D        | Noticed an ettin
  1821 | D        | Noticed a brown very ugly thing
  1829 | D        | Killed a centaur warrior
  1839 | D        | Noticed an ettin
  1839 | D        | Killed a stone giant
  1860 | D        | Killed a brown very ugly thing
  1860 | D        | Reached skill level 24 in Armour
  1866 | D        | Killed an ettin
  1879 | D        | Killed an ettin
  1879 | D        | Reached skill level 15 in Fighting
  1985 | D        | Noticed a naga sharpshooter
  1985 | D        | Noticed a naga sharpshooter
  1987 | D        | Noticed an anaconda
  2000 | D        | Killed a naga sharpshooter
  2011 | D        | Killed a naga sharpshooter
  2039 | D        | Reached XP level 13. HP: 46/93 MP: 1/13
  2041 | D        | Reached skill level 25 in Armour
  2075 | D        | Noticed a thorn hunter
  2132 | D        | Killed a thorn hunter
  2206 | D        | Noticed a merfolk impaler
  2240 | D        | Killed a merfolk impaler
  2268 | D        | Reached skill level 26 in Armour
  2312 | D        | Mangled by a wolf spider

Skill      XL: |  1  2  3  4  5  6  7  8  9 10 11 12 13 |
---------------+----------------------------------------+-----
Staves         | 7 10 12 13 14 | 14.6
Armour         | 6 10 14 17 20 23 24 26 | 26.1
Fighting       | 11 16 18 | 18.3
Throwing       | |  1.7
Dodging        | |  2.4

Action                   |  1- 3 |  4- 6 |  7- 9 | 10-12 | 13-15 || total
-------------------------+-------+-------+-------+-------+-------++-------
Melee: Quarterstaff      |    20 |    19 |    52 |       |       ||    91
       Lajatang          |       |       |    95 |   557 |   145 ||   797
Evoke: Wand              |       |       |       |     7 |       ||     7
  Use: Potion            |     2 |     2 |     4 |     8 |     2 ||    18
       Scroll            |       |       |     2 |     8 |     2 ||    12
 Stab: Invisible         |       |     4 |     2 |       |       ||     6
  Eat: Chunk             |       |       |     3 |     5 |       ||     8
       Bread ration      |       |       |       |       |     1 ||     1
Armor: Leather armour    |     3 |       |       |       |       ||     3
       Ring mail         |       |     9 |    63 |   188 |       ||   260
       Chain mail        |       |       |       |    81 |   122 ||   203
Dodge: Dodged            |    17 |    18 |    67 |   196 |    66 ||   364
